 Dungeon Crawl Stone Soup version 0.23.2-1-ga50397a (webtiles) character file.

Game seed: 10753684798976037913

27 troglodite the Shield-Bearer (level 3, 0/19 HPs)
             Began as a Vine Stalker Fighter on May 30, 2019.
             Succumbed to an adder's poison
             ... on level 1 of the Dungeon.
             The game lasted 00:02:24 (688 turns).

troglodite the Shield-Bearer (Vine Stalker Fighter)  Turns: 688, Time: 00:02:24

Health: 0/19       AC:  6    Str: 18    XL:     3   Next: 10%
Magic:  2/4        EV:  7    Int:  8    God:
Gold:   20         SH:  9    Dex: 14    Spells: 2/2 levels left

rFire    . . .     SeeInvis .   a - +0 long sword
rCold    . . .     Gourm    .   c - +0 shield
rNeg     + . .     Faith    .   b - +0 scale mail
rPois    .         Spirit   +   (no helmet)
rElec    .         Reflect  .   (no cloak)
rCorr    .         Harm     .   (no gloves)
MR       .....                  (no boots)
Stlth    ..........             (no amulet)
HPRegen  0.06/turn              h - ring of positive energy
MPRegen  0.09/turn              (no ring)

@: lethally poisoned (0 -> -6)
A: fangs 2, magic shield, antimagic bite, no potion heal 3, rot immunity
a: no special abilities


You were on level 1 of the Dungeon.
You were not hungry.

You visited 1 branch of the dungeon, and saw 2 of its levels.

You collected 20 gold pieces.

Inventory:

Hand Weapons
 a - a +0 long sword (weapon)
Armour
 b - a +0 scale mail (worn)
 c - a +0 shield (worn)
Jewellery
 h - a ring of positive energy (left hand)
Scrolls
 e - 2 scrolls of identify {unknown}
 g - a scroll of teleportation {unknown}
 i - a scroll of remove curse {unknown}
Potions
 d - a potion of might
Comestibles
 f - 2 rations
 j - 4 chunks of flesh


   Skills:
 * Level 2.9 Fighting
 * Level 2.1 Long Blades
 * Level 2.5 Armour
 * Level 1.4 Stealth
 * Level 3.0 Shields


You had 2 spell levels left.
You didn't know any spells.
Your spell library was empty.

Dungeon Overview and Level Annotations

Branches:
Dungeon (2/15)

Altars:

Annotations:
D:2 Robin


Innate Abilities, Weirdness & Mutations

You have extremely sharp teeth.
When hurt, damage is shared between your health and your magic reserves.
Your bite disrupts and absorbs the magic of your enemies.
Potions cannot restore your health.
You are immune to rotting.


Message History

The hobgoblin hits you but does no damage.
The hobgoblin barely misses you.
You hit the hobgoblin. Your bite misses the hobgoblin.
The hobgoblin is almost dead.
* * * LOW HITPOINT WARNING * * *
You feel sick. The hobgoblin hits you with a +0 club.
* * * LOW HITPOINT WARNING * * *
You slash the hobgoblin!
You kill the hobgoblin!
Your Shields skill increases to level 3!
* * * LOW HITPOINT WARNING * * *
You feel sick.
You slash the goblin!
You kill the goblin!
* * * LOW HITPOINT WARNING * * *
You feel sick.
There is a stone staircase leading down here.
Things that are here:
a +0 dagger; a +0 club You die...

.##.#...##.#.# #.#####.##.##
.##..........# #.# #.##.#
.####...##.### #####)## #.##.#
...........# #......####.##.#
.......##### #.##......÷....#
# .####### #.##...##.###### #
.....# #)##...##.# # ####.###
##>##...##.# #
.......########÷@.#...##.# #
.###..................##.# #
##
############...###.##.########
#........##.........
#.#.####.###.######.
############.#......# #.# #.
#............######.# #.# #.
#.############ #.# #.# ## #.#
#.# #.#


There were no monsters in sight!

Vanquished Creatures
  An adder (D:1)
  A dart slug (D:1)
  2 goblins (D:1)
  6 hobgoblins (D:1)
  A frilled lizard (D:1)
  4 rats
15 creatures vanquished.

Notes
Turn   | Place    | Note
-------+----------+-------------------------------------------
     0 | D:1      | troglodite the Vine Stalker Fighter began the quest for the
                  | Orb.
     0 | D:1      | Reached XP level 1. HP: 11/11 MP: 2/2
   246 | D:1      | Reached skill level 1 in Stealth
   246 | D:1      | Reached XP level 2. HP: 15/16 MP: 3/3
   677 | D:2      | Noticed Robin
   681 | D:1      | Reached XP level 3. HP: 8/19 MP: 4/4
   685 | D:1      | Reached skill level 3 in Shields
   688 | D:1      | Succumbed to an adder's poison

Skill      XL: |  1  2  3 |
---------------+----------+-----
Stealth        | 1 |  1.4
Long Blades    | 2 |  2.1
Shields        | 3 |  3.0
Fighting       | |  2.9
Armour         | |  2.5

Action                   || total
-------------------------++-------
Melee: Long sword        ||    33
       Bite              ||     8
Armor: Scale mail        ||    18
Dodge: Dodged            ||    12
Block: Shield            ||    18
       Rpst.: Long sword ||     1
